 Dungeon Crawl Stone Soup version 0.28.0-53-g5a82cb258f (webtiles) character file.

Game seed: 518147781712575305

935 safid the Cleaver (level 8, -12/66 HPs)
             Began as a Hill Orc Fighter on Aug 21, 2022.
             Was a Follower of Okawaru.
             Mangled by an orc wizard
             ... wielding a +1 dagger of electrocution
              (16 damage)
             ... on level 5 of the Dungeon.
             The game lasted 00:05:54 (4873 turns).

safid the Cleaver (Hill Orc Fighter)                Turns: 4873, Time: 00:05:55

Health: -12/66     AC: 12    Str: 26    XL:     8   Next: 11%
Magic:  8/8        EV:  3    Int:  8    God:    Okawaru [*.....]
Gold:   279        SH: 11    Dex:  5    Spells: 7/7 levels left

rFire   + . .      SeeInvis .   a - +0 war axe
rCold   . . .      Faith    .   d - +0 tower shield of the Miller {rF+ Str+5 Dex-5}
rNeg    . . .      Spirit   .   g - +0 plate armour
rPois   .          Reflect  .   b - +0 helmet
rElec   .          Harm     .   (no cloak)
rCorr   .          Rampage  .   (no gloves)
Will    .....                   (no boots)
Stlth   ..........              k - amulet of regeneration
HPRegen 1.01/turn               (no ring)
MPRegen 0.11/turn               (no ring)

@: no status effects
A: no striking features
a: Renounce Religion, Heroism


You were on level 5 of the Dungeon.
You worshipped Okawaru.
Okawaru was aware of your devotion.
You visited 2 branches of the dungeon, and saw 6 of its levels.
You also visited: Sewer.

You collected 279 gold pieces.

Inventory:

Hand Weapons
 a - a +0 war axe (weapon)
Missiles
 h - 11 poisoned darts (quivered)
Armour
 b - a +0 helmet (worn)
 d - the +0 tower shield of the Miller (worn) {rF+ Str+5 Dex-5}
   (You found it on level 4 of the Dungeon)

   Str:       It affects your strength (+5).
   Dex:       It affects your dexterity (-5).
   rF:        It protects you from fire.
 g - a +0 plate armour (worn)
Jewellery
 k - an amulet of regeneration (around neck)
Wands
 m - a wand of acid (2)
Scrolls
 e - 5 scrolls of identify {unknown}
 f - 2 scrolls of fear {unknown}
 i - a scroll of teleportation {unknown}
 j - a scroll of magic mapping {unknown}
 l - a scroll of blinking {unknown}
 o - a scroll of enchant armour {unknown}
Potions
 c - 2 potions of mutation {unknown}
 n - a potion of berserk rage {unknown}
 p - a potion of attraction {unknown}
 q - 4 potions of heal wounds {unknown}
 r - 3 potions of curing {unknown}
 s - a potion of cancellation {unknown}


   Skills:
 - Level 4.0 Fighting
 + Level 10.0 Axes
 - Level 4.0 Armour
 + Level 6.0 Shields


You had 7 spell levels left.
You didn't know any spells.
Your spell library contained the following spells:

 Spells                   Type           Power      Damage    Failure   Level
 Sublimation of Blood     Necr           0%         N/A       100%        2
 Ignite Poison            Fire/Tmut/Pois 0%         N/A       100%        3
 Mephitic Cloud           Conj/Pois/Air  0%         N/A       100%        3
 Olgreb's Toxic Radiance  Pois           0%         N/A       100%        4
 Petrify                  Tmut/Erth      0%         N/A       100%        4
 Freezing Cloud           Conj/Ice/Air   0%         6-21      100%        5
 Irradiate                Conj/Tmut      0%         3d13      100%        5
 Ozocubu's Refrigeration  Ice            0%         4d5       100%        7
 Ignition                 Fire           0%         3d3       100%        8


Dungeon Overview and Level Annotations

Branches:
Dungeon (5/15)             Temple (1/1) D:4           Sewer (visited)

Altars:
Ashenzari
Cheibriados
Dithmenos
Elyvilon
Fedhas
Gozag
Hepliaklqana
Kikubaaqudgha
Makhleb
Nemelex Xobeh
Okawaru
Trog
Uskayaw
Vehumet
Wu Jian
Xom
Yredelemnul
The Shining One

Annotations:
D:5 4 runed translucent doors


Message History

Something hits you but does no damage. The bullfrog zombie barely misses you.
Unknown command.
You closely miss something. You barely miss the bullfrog zombie.
Something hits you but does no damage. You block the bullfrog zombie's attack.
The bullfrog zombie hits you but does no damage.
Something hits you but does no damage.
You slash something! You barely miss the bullfrog zombie.
You block the bullfrog zombie's attack. Something hits you but does no damage.
You are electrocuted!
The bullfrog zombie hits you but does no damage.
You closely miss something. You closely miss the bullfrog zombie.
Something hits you.
The bullfrog zombie hits you but does no damage.
Something hits you.
You are electrocuted!!
You barely miss something. You hit the bullfrog zombie.
The bullfrog zombie hits you but does no damage.
The bullfrog zombie hits you. Something hits you but does no damage.
You closely miss something. You barely miss the bullfrog zombie.
You block the bullfrog zombie's attack. Something hits you but does no damage.
The bullfrog zombie hits you but does no damage.
You closely miss something. You hit the bullfrog zombie.
The bullfrog zombie hits you. Something hits you but does no damage.
You are electrocuted!
* * * LOW HITPOINT WARNING * * *
The bullfrog zombie hits you but does no damage.
Something hits you but does no damage.
You barely miss something. You hit the bullfrog zombie.
You destroy the bullfrog zombie!
Okawaru accepts your kill.
You hear some strange, mumbled words.
A puff of flame appears from out of thin air!
You block the puff of flame.
Your Axes skill increases to level 10!
Your Shields skill increases to level 6!
You barely miss something. Something hits you but does no damage.
You are electrocuted!!
* * * LOW HITPOINT WARNING * * *
You hit something but do no damage. Something hits you but does no damage.
You are electrocuted!
You die...

#..# #.#.#.#.##. #..#
#.#.#.#.##. #..#
#.#.#.#.##. #..#
#.#.#.#.##. #..#
#.#.#.#.##. ######..#
#.#.#...##. ........#
#.######.
########.#####.#........
......)@.......#########
......){.#####.#
##########


There were no monsters in sight!

Vanquished Creatures
  Sigmund (D:3)
  A wyvern (D:5)
  Pargi (Sewer)
  A water moccasin skeleton (D:4)
  A howler monkey (D:5)
  2 bullfrog zombies (D:5)
  A hound (D:4)
  3 iguanas
  2 orc wizards (D:5)
  A hound skeleton (D:4)
  9 adders
  2 shadow imps (D:5)
  2 adder skeletons
  2 worms
  2 dart slugs
  18 orcs
  7 bats
  7 endoplasms
  A giant cockroach (D:2)
  10 goblins
  8 hobgoblins
  3 quokkas
  9 ball pythons
  A frilled lizard (D:2)
  10 kobolds
  7 rats
112 creatures vanquished.

Vanquished Creatures (others)
  3 fungi (D:1)
  23 plants (D:1)
26 creatures vanquished.

Grand Total: 138 creatures vanquished

Notes
Turn   | Place    | Note
-------+----------+-------------------------------------------
     0 | D:1      | safid the Hill Orc Fighter began the quest for the Orb.
     0 | D:1      | Reached XP level 1. HP: 19/19 MP: 1/1
   337 | D:1      | Reached XP level 2. HP: 16/27 MP: 2/2
   546 | D:1      | Found a faded altar of an unknown god.
   638 | D:1      | Reached skill level 3 in Axes
  1513 | D:2      | Reached XP level 3. HP: 29/33 MP: 3/3
  2128 | D:2      | Reached XP level 4. HP: 38/40 MP: 4/4
  2230 | D:2      | Reached skill level 4 in Axes
  2674 | D:3      | Reached skill level 5 in Axes
  2733 | D:3      | Found a shadowy altar of Dithmenos.
  2796 | D:3      | Noticed Sigmund
  2811 | D:3      | Killed Sigmund
  2812 | D:3      | Reached skill level 7 in Axes
  2812 | D:3      | Reached XP level 5. HP: 20/46 MP: 5/5
  2812 | D:3      | Reached XP level 6. HP: 22/52 MP: 6/6
  3005 | D:4      | Found a staircase to the Ecumenical Temple.
  3032 | Temple   | Entered the Ecumenical Temple
  3186 | Temple   | Became a worshipper of Warmaster Okawaru
  3274 | D:4      | Reached skill level 8 in Axes
  3337 | D:4      | Identified the +0 tower shield of the Miller {rF+ Str+5
                  | Dex-5}
  3452 | D:4      | Reached XP level 7. HP: 40/59 MP: 7/7
  4138 | D:5      | Entered Level 5 of the Dungeon
  4172 | D:5      | Found a large runed translucent door.
  4173 | D:5      | Found a large runed translucent door.
  4178 | D:5      | Noticed a gargoyle
  4185 | D:5      | Found a large runed translucent door.
  4185 | D:5      | Found a large runed translucent door.
  4267 | D:5      | Reached skill level 9 in Axes
  4270 | D:5      | Noticed a wyvern
  4276 | D:5      | Killed a wyvern
  4277 | D:5      | Reached skill level 5 in Shields
  4315 | D:5      | Found a glowing drain.
  4332 | D:5      | Reached * piety under Okawaru
  4341 | Sewer    | Entered a sewer
  4425 | Sewer    | Noticed Pargi
  4431 | Sewer    | Killed Pargi
  4432 | Sewer    | Reached XP level 8. HP: 60/66 MP: 8/8
  4872 | D:5      | Reached skill level 10 in Axes
  4872 | D:5      | HP: 3/66 [something (19)]
  4873 | D:5      | Mangled by an orc wizard

Illustrated notes

Levels and vault maps discovered:
D:1:      heliophobic_arrival_ceremonial_halls, layout_loops_corners,
          shapermc_ecumenical_altar_gd, dk_noncrumbling_4,
          chequers_serial_rivers_room_b, hangedman_feature_mirror,
          serial_bayou_lagoon_a
D:2:      minmay_razor_zed, layout_loops_ring, corexii_leaking_fountain
D:3:      layout_basic, mainiacjoe_overflow_alcove_4, uniq_sigmund
D:4:      layout_cave_pods, minmay_temple_entry_offerings, minmay_starry_boxes
D:5:      layout_basic, portal_sewer_entry_d, minmay_hollow_rounded_squares
Temple:   minmay_crystal_spiral_temple

Skill      XL: |  1  2  3  4  5  6  7  8 |
---------------+-------------------------+-----
Axes           | 3 7 8 9 10 | 10.0
Fighting       | 4 |  4.0
Armour         | 4 |  4.0
Shields        | 4 5 6 |  6.0

Action                   |  1- 3 |  4- 6 |  7- 9 || total
-------------------------+-------+-------+-------++-------
Melee: War axe           |   105 |   124 |   135 ||   364
  Use: Potion            |       |     1 |       ||     1
Armor: Scale mail        |    23 |       |       ||    23
       Plate armour      |    32 |    92 |    98 ||   222
Dodge: Dodged            |    23 |    26 |    21 ||    70
Block: Buckler           |    17 |    21 |       ||    38
       Tower shield      |       |     6 |    90 ||    96
